[Event "ICC tourney 2040 (30 10)"]
[Site "Internet Chess Club"]
[Date "2020.10.04"]
[Round "2"]
[White "jy2020"]
[Black "Joshua1"]
[Result "1-0"]
[ICCResult "Black resigns"]
[WhiteElo "2225"]
[BlackElo "1842"]
[Opening "Sicilian: Kan, Maróczy bind (Réti variation)"]
[ECO "B41"]
[NIC "SI.41"]
[Time "13:05:10"]
[TimeControl "1800+10"]

1. e4 c5 2. Nf3 e6 3. d4 cxd4 4. Nxd4 a6 5. c4 Qc7 6. Nc3 Nf6 7. a3 b6 8.
Be2 Bb7 9. f3 d6 10. Be3 Be7 11. Rc1 O-O 12. O-O Nbd7 13. Qd2 Rac8 14. Rfd1
Rfe8 15. b4 Qb8 16. Nb3 Bd8 17. Bf4 Ne5 18. Bxe5 dxe5 19. c5 bxc5 20. Nxc5
Be7 21. Nxb7 Qxb7 22. Na4 Red8 23. Qe3 Rxd1+ 24. Rxd1 g6 25. Nb6 Rc6 26. Nc4
Qc7 27. Qb3 Nd7 28. Qe3 Nf6 29. Qd3 Kg7 30. g3 Kf8 31. Kh1 Kg7 32. Kg2 Kf8
33. Qb3 Nd7 34. Na5 Rc2 35. Rxd7 Rxe2+ 36. Kf1 Qxd7 37. Kxe2 Qb5+ 38. Qd3
Qxd3+ 39. Kxd3 Ke8 40. Kc4 Kd7 41. a4 Kc7 42. b5 axb5+ 43. Kxb5 f5 44. Nc4
fxe4 45. fxe4 Bf6 46. a5 h5 47. a6 Kb8 48. Na5 g5 49. Nc6+ Ka8 50. Kc5 g4
51. Kd6 h4 52. Kxe6 hxg3 53. hxg3 Bg7 54. Kf5 Bh8 55. Kxg4 Bf6 56. Nb4 Ka7
57. Kf5 Bg7 58. g4 Kb6 59. g5 Kc7 60. a7 Kb7 61. Nc6 Ka8 62. Ke6 Kb7 63. Kf7
Bh8 64. g6 Ka8 65. g7 Bxg7 66. Kxg7 Kb7 67. Nxe5 Kxa7 68. Nc6+ Kb6 69. e5
Kxc6 70. e6 Kc7 71. Kf7 {Black resigns} 1-0

[Event "ICC tourney 2040 (30 10)"]
[Site "Internet Chess Club"]
[Date "2020.10.04"]
[Round "2"]
[White "Chesssaga"]
[Black "Almanac2050"]
[Result "1-0"]
[ICCResult "Black forfeits on time"]
[WhiteElo "2032"]
[BlackElo "1759"]
[Opening "French: Tarrasch, closed variation"]
[ECO "C05"]
[NIC "FR.17"]
[Time "13:05:09"]
[TimeControl "1800+10"]

1. e4 e6 2. d4 d5 3. Nd2 Nf6 4. e5 Nfd7 5. Bd3 c5 6. c3 Nc6 7. Ne2 Be7 8.
O-O O-O 9. Nf3 f6 10. exf6 Nxf6 11. Bf4 cxd4 12. cxd4 Bd6 13. Be5 Qc7 14.
Rc1 Qb8 15. Bxd6 Qxd6 16. Nc3 a6 17. Re1 Bd7 18. Bb1 Rae8 19. Ne5 Qb4 20.
Nxc6 bxc6 21. Na4 Qd6 22. Re5 Bc8 23. Nc5 Qe7 24. f3 Qf7 25. Qd3 g6 26. Rf1
Kh8 27. g3 a5 28. Bc2 Nd7 29. Nxd7 Bxd7 30. Ba4 Rb8 31. b3 Rbc8 32. Qe3 Qg7
33. Rc1 Rf5 34. f4 Qf8 35. Rc5 Kg8 36. Kg2 Rxe5 37. fxe5 Qf5 38. Rc1 Rf8 39.
h3 Be8 40. g4 Qf7 41. Kg3 Qb7 42. Qc3 Qf7 43. Qe3 Qb7 44. Rc2 Qa6 45. Rf2
Rxf2 46. Kxf2 Qa7 47. Kg3 Qe7 48. Qc3 Qb4 49. Qxb4 axb4 50. g5 Kf8 51. Kf3
Ke7 52. Ke3 Kd7 53. Kd3 Kc7 54. Kc2 Kb6 55. Kb2 Bd7 56. h4 Bc8 57. Kc2 Ba6
58. Kd2 Bc8 59. Ke3 c5 60. Kd3 Ba6+ 61. Ke3 c4 62. Kd2 c3+ 63. Kc2 Ka5 64.
Bd7 Be2 65. Bxe6 Bf3 66. Bg8 Be4+ 67. Kc1 Kb6 68. Bxh7 Kc7 69. Bg8 Kd8 70.
Bf7 Ke7 71. e6 Bf5 72. Kd1 Bg4+ 73. Kc1 Bf5 74. Kd1 Bg4+ 75. Kc2 Bf5+ 76.
Kc1 {Black forfeits on time} 1-0

[Event "ICC tourney 2040 (30 10)"]
[Site "Internet Chess Club"]
[Date "2020.10.04"]
[Round "3"]
[White "PawnEatingZombi"]
[Black "che8642"]
[Result "1-0"]
[ICCResult "Black checkmated"]
[WhiteElo "2205"]
[BlackElo "1524"]
[Opening "QGD semi-Slav: 5.e3"]
[ECO "D45"]
[NIC "SL.08"]
[Time "15:01:35"]
[TimeControl "1800+10"]

1. d4 d5 2. c4 c6 3. Nc3 Nf6 4. e3 e6 5. Nf3 Bd6 6. Qc2 O-O 7. Bd3 Nbd7 8.
O-O dxc4 9. Bxc4 e5 10. Bb3 Qc7 11. h3 exd4 12. exd4 Nb6 13. Bg5 Nfd7 14.
Rfe1 h6 15. Bxh6 gxh6 16. Qg6+ Kh8 17. Qxh6+ Kg8 18. Ng5 Nf6 19. Qg6+ Kh8
20. Qxf6+ Kg8 21. Qg6+ Kh8 22. Qh7# {Black checkmated} 1-0

[Event "ICC tourney 2040 (30 10)"]
[Site "Internet Chess Club"]
[Date "2020.10.04"]
[Round "3"]
[White "ivo20"]
[Black "davika21"]
[Result "0-1"]
[ICCResult "White resigns"]
[WhiteElo "1336"]
[BlackElo "1905"]
[Opening "Benko's opening"]
[ECO "A00"]
[NIC "VO.09"]
[Time "15:01:25"]
[TimeControl "1800+10"]

1. g3 d5 2. Bg2 c5 3. d4 e6 4. a3 Nc6 5. c3 Nf6 6. Bg5 h6 7. Bxf6 Qxf6 8.
Nf3 Bd6 9. Nbd2 O-O 10. O-O cxd4 11. cxd4 Nxd4 12. Nxd4 Qxd4 13. Rb1 Bd7 14.
e3 Qb6 15. Nf3 Rac8 16. Qd4 Qxd4 17. Nxd4 Be5 18. f4 Bxd4 19. exd4 Rc2 20.
Rfc1 Rfc8 21. Rd1 Kf8 22. Bf1 Ke7 23. Bd3 R2c7 24. Kf2 Kd6 25. Ke3 Ba4 26.
Rd2 Bb3 27. f5 Bc2 28. Rc1 Bxd3 29. Rxc7 Rxc7 30. Kxd3 exf5 31. Rf2 g6 32.
h3 Re7 33. b3 Re1 34. g4 fxg4 35. hxg4 Ke6 36. Rh2 Rd1+ 37. Kc3 Rc1+ 38. Kd3
Rb1 39. Kc3 Rg1 40. Rxh6 Rxg4 41. Rh8 Rg3+ 42. Kc2 Kd7 43. Ra8 a6 44. Rb8
Kc7 45. Rf8 f5 46. Rf6 Rg4 47. Kd3 f4 48. Rf7+ Kb6 49. Rf6+ Ka7 50. Rd6 Rg3+
51. Kc2 f3 52. Rf6 g5 53. Kd2 g4 54. Ke1 Rg2 55. Kf1 Rb2 56. Rg6 Rxb3 57.
Rxg4 Rxa3 58. Rf4 Rc3 59. Rf5 a5 60. Rxd5 Ka6 61. Rd6+ b6 62. Kf2 a4 63. Re6
Rd3 64. Re4 a3 65. d5 b5 66. Re8 Ka5 67. Rd8 Kb4 68. d6 a2 69. Ra8 Kb3 70.
d7 Rxd7 71. Kxf3 Kb2 72. Rb8 a1=Q 73. Rxb5+ Kc3 {White resigns} 0-1

[Event "ICC tourney 2040 (30 10)"]
[Site "Internet Chess Club"]
[Date "2020.10.04"]
[Round "3"]
[White "ASharikov"]
[Black "saathvikdasari"]
[Result "0-1"]
[ICCResult "White resigns"]
[WhiteElo "2254"]
[BlackElo "1343"]
[Opening "QGD Slav defense: exchange variation"]
[ECO "D10"]
[NIC "SL.01"]
[Time "15:01:29"]
[TimeControl "1800+10"]

1. d4 d5 2. c4 c6 3. cxd5 cxd5 4. Bf4 Nf6 5. e3 Nc6 6. Nc3 Bf5 7. Qb3 Qc8 8.
Nxd5 Nxd5 9. Qxd5 e6 10. Qb3 Bb4+ 11. Kd1 O-O 12. Rc1 Rd8 13. Nf3 a5 14. Bb5
Be4 15. a3 Bd6 16. Bxd6 Rxd6 17. Ke2 Bd5 18. Qd3 f5 19. Rc3 Be4 20. Qc4 Bd5
21. Qc5 Qd8 22. Ne5 b6 23. Nxc6 Rxc6 24. Qxd5 exd5 25. Bxc6 Rc8 26. Bxd5+
Kf8 27. Rxc8 Qxc8 28. Kd2 Qd8 29. Bf3 Qf6 30. g3 Qd6 31. Rc1 Qe6 32. Rc3 h6
33. Kc2 g5 34. Rc6 Qf7 35. d5 f4 36. d6 Qf5+ 37. e4 Qd7 38. e5 Qf5+ 39. Kc1
fxg3 40. hxg3 Qxf3 41. Rc8+ Kf7 42. d7 Qh1+ 43. Kc2 Qe4+ 44. Kc1 Qe1+ 45.
Kc2 Qxf2+ 46. Kb3 Qf3+ 47. Kc4 Qg4+ {White resigns} 0-1

[Event "ICC tourney 2040 (30 10)"]
[Site "Internet Chess Club"]
[Date "2020.10.04"]
[Round "3"]
[White "dopolian"]
[Black "CoolBoy2020"]
[Result "1/2-1/2"]
[ICCResult "Game drawn by mutual agreement"]
[WhiteElo "2358"]
[BlackElo "2231"]
[Opening "English opening"]
[ECO "A05"]
[NIC "QP.11"]
[Time "15:01:27"]
[TimeControl "1800+10"]

1. Nf3 Nf6 2. c4 g6 3. b3 Bg7 4. Bb2 O-O 5. g3 d6 6. d4 Nbd7 7. Bg2 Re8 8.
O-O c6 9. Nc3 e5 10. dxe5 dxe5 11. Ng5 Nc5 12. Qxd8 Rxd8 13. Rad1 Bf5 14.
Ba3 Ne6 15. Nxe6 Bxe6 16. Na4 Nd7 17. Rd2 Bf8 18. Bxf8 Kxf8 19. Rfd1 Ke7 20.
Kf1 Rac8 21. Nc3 Nc5 22. Rxd8 Rxd8 23. Rxd8 Kxd8 24. Ke1 Kc7 25. Kd2 a5 26.
h4 Kd6 27. e3 h6 28. Bf3 g5 29. hxg5 hxg5 30. g4 f5 31. gxf5 Bxf5 32. Bd1
Ne4+ 33. Nxe4+ Bxe4 34. a3 c5 {Game drawn by mutual agreement} 1/2-1/2

[Event "ICC tourney 2040 (30 10)"]
[Site "Internet Chess Club"]
[Date "2020.10.04"]
[Round "3"]
[White "BreatheChessAls"]
[Black "VincentT2008"]
[Result "1-0"]
[ICCResult "Black resigns"]
[WhiteElo "1932"]
[BlackElo "1792"]
[Opening "Queen's pawn: London system"]
[ECO "A45"]
[NIC "QP.07"]
[Time "15:02:16"]
[TimeControl "1800+10"]

1. d4 Nf6 2. Bf4 g6 3. e3 Bg7 4. Nf3 d6 5. h3 O-O 6. Be2 c5 7. c3 b6 8. O-O
Bb7 9. Nbd2 Nbd7 10. Qb3 Rc8 11. Rfd1 Qc7 12. a4 a6 13. c4 Rfe8 14. d5 e5
15. dxe6 fxe6 16. Nb1 e5 17. Bh2 Nb8 18. Nc3 Nc6 19. Nd5 Nxd5 20. cxd5 Ne7
21. e4 Kh8 22. Ng5 Rb8 23. Ne6 Qd7 24. Bg4 Bf6 25. Nxc5 Qc7 26. Ne6 Qd7 27.
Rac1 Rec8 28. Nc5 Qe8 29. Bxc8 Bxc8 30. Ne6 Bxe6 31. dxe6 Qd8 32. Qd3 Nc8
33. Qxa6 {Black resigns} 1-0

[Event "ICC tourney 2040 (30 10)"]
[Site "Internet Chess Club"]
[Date "2020.10.04"]
[Round "3"]
[White "e4f5"]
[Black "Openyagami"]
[Result "0-1"]
[ICCResult "White resigns"]
[WhiteElo "2209"]
[BlackElo "2577"]
[Opening "Sicilian: Labourdonnais-Löwenthal (Kalashnikov) variation"]
[ECO "B32"]
[NIC "SI.32"]
[Time "15:01:22"]
[TimeControl "1800+10"]

1. e4 c5 2. Nf3 Nc6 3. d4 cxd4 4. Nxd4 e5 5. Nb5 d6 6. N1c3 a6 7. Na3 b5 8.
Nd5 Nge7 9. c4 Nxd5 10. exd5 Nd4 11. cxb5 g6 12. Be3 Nf5 13. Bd3 Nxe3 14.
fxe3 Bh6 15. e4 Qa5+ 16. Kf1 O-O 17. Nc4 Qd8 18. b6 f5 19. Ke1 fxe4 20. Bc2
Qf6 21. Qe2 Bg4 22. Qxg4 Qf2+ 23. Kd1 Qd4+ 24. Ke1 Qxc4 25. Qxe4 Qc5 26. Qe2
Qb4+ 27. Kd1 Rf4 28. Bd3 Rd4 29. b7 Qxb7 30. Kc2 e4 31. Bxe4 Rc8+ 32. Kb1
Rd2 33. Qxd2 Bxd2 34. a4 Bc3 35. Ra2 Rb8 36. Rc1 Bxb2 37. Rc8+ Qxc8 38. Rxb2
Rxb2+ 39. Kxb2 Qc4 40. Bc2 Kg7 41. Bb3 Qe2+ 42. Ka3 Qxg2 43. Bc4 a5
{White resigns}
0-1

[Event "ICC tourney 2040 (30 10)"]
[Site "Internet Chess Club"]
[Date "2020.10.04"]
[Round "3"]
[White "goodFriday"]
[Black "chessbn"]
[Result "1-0"]
[ICCResult "Black resigns"]
[WhiteElo "2208"]
[BlackElo "1921"]
[Opening "Caro-Kann: Tartakower (fantasy) variation"]
[ECO "B12"]
[NIC "CK.02"]
[Time "15:01:25"]
[TimeControl "1800+10"]

1. e4 c6 2. d4 d5 3. f3 dxe4 4. fxe4 e5 5. Nf3 Nf6 6. Bc4 Bg4 7. Bxf7+ Kxf7
8. Nxe5+ Ke8 9. Nxg4 Nxg4 10. Qxg4 Qxd4 11. Qc8+ Qd8 12. Qxb7 Nd7 13. Qxc6
Rc8 14. Qe6+ Be7 15. O-O Rf8 16. Nc3 Rxf1+ 17. Kxf1 Nf8 18. Qd5 Qc7 19. g3
Rd8 20. Qb5+ Kf7 21. Bf4 Bd6 22. Qd5+ Ne6 23. Qf5+ Ke7 24. Nd5+ {Black
resigns} 1-0

[Event "ICC tourney 2040 (30 10)"]
[Site "Internet Chess Club"]
[Date "2020.10.04"]
[Round "3"]
[White "RisingRook"]
[Black "challenger2010"]
[Result "0-1"]
[ICCResult "White resigns"]
[WhiteElo "1948"]
[BlackElo "2148"]
[Opening "Sicilian: Canal-Sokolsky (Nimzovich-Rossolimo, Moscow) attack"]
[ECO "B51"]
[NIC "SI.01"]
[Time "15:01:26"]
[TimeControl "1800+10"]

1. e4 c5 2. Nf3 d6 3. Bb5+ Nc6 4. Bxc6+ bxc6 5. O-O e5 6. c3 f5 7. exf5 Bxf5
8. d4 e4 9. Ne1 Nf6 10. dxc5 d5 11. b4 Be7 12. Nc2 O-O 13. Ne3 Bd7 14. Nd2
Qe8 15. Nb3 Qg6 16. Nd4 Nh5 17. Kh1 Nf4 18. Qc2 Rf7 19. c4 Raf8 20. cxd5
Nxg2 21. d6 Bh4 22. Nxg2 Rxf2 23. Rxf2 Rxf2 24. Qxf2 Bxf2 25. Be3 Bh3 26.
Nf4 Qf7 27. Bxf2 Qxf4 28. Bg3 Qd2 {White resigns} 0-1

[Event "ICC tourney 2040 (30 10)"]
[Site "Internet Chess Club"]
[Date "2020.10.04"]
[Round "3"]
[White "largecrab"]
[Black "Leolix"]
[Result "1-0"]
[ICCResult "Black resigns"]
[WhiteElo "2144"]
[BlackElo "1939"]
[Opening "Sicilian: Taimanov variation"]
[ECO "B48"]
[NIC "SI.40"]
[Time "15:01:31"]
[TimeControl "1800+10"]

1. e4 c5 2. Nf3 e6 3. d4 cxd4 4. Nxd4 Nc6 5. Nc3 Qc7 6. Be3 a6 7. Qd2 Nf6 8.
Be2 Bb4 9. f3 Bd6 10. O-O-O Be5 11. g3 b5 12. f4 Bxd4 13. Bxd4 Nxd4 14. Qxd4
Bb7 15. Rhe1 Rc8 16. Bd3 O-O 17. e5 Nd5 18. Ne4 Qa5 19. Kb1 Nb4 20. a3 Nxd3
21. Qxd3 Bxe4 22. Rxe4 Qc7 23. Rd4 Rfd8 24. c3 h6 25. Rxd7 Rxd7 26. Qxd7 Qc4
27. Rd4 Qf1+ 28. Ka2 Rc4 29. Qe8+ Kh7 30. Qd7 Kg8 31. g4 Qe2 32. f5 Qxe5 33.
Qe8+ Kh7 34. Rd8 {Black resigns} 1-0

[Event "ICC tourney 2040 (30 10)"]
[Site "Internet Chess Club"]
[Date "2020.10.04"]
[Round "3"]
[White "chesslin"]
[Black "IAlwaysWin"]
[Result "0-1"]
[ICCResult "White resigns"]
[WhiteElo "1871"]
[BlackElo "2133"]
[Opening "Queen's pawn, Mason variation"]
[ECO "D00"]
[NIC "QP.08"]
[Time "15:02:16"]
[TimeControl "1800+10"]

1. d4 d5 2. Bf4 e6 3. e3 Bd6 4. Bg3 Nf6 5. Nd2 O-O 6. Bd3 b6 7. Ngf3 Bb7 8.
Ne5 c5 9. c3 Nc6 10. Qf3 Qc7 11. Nxc6 Bxc6 12. Bxd6 Qxd6 13. Qh3 e5 14. Qg3
Rfe8 15. O-O Rad8 16. Rfe1 e4 17. Qxd6 Rxd6 18. Be2 Bb7 19. Rad1 cxd4 20.
exd4 Nd7 21. Bg4 g6 22. Bxd7 Rxd7 23. f3 f5 24. fxe4 dxe4 25. Nf3 b5 26. Ne5
Rc7 27. Rf1 Bd5 28. a3 Rf8 29. g3 a5 30. h4 b4 31. axb4 axb4 32. Rc1 Rfc8
33. h5 Kg7 34. hxg6 hxg6 35. g4 fxg4 36. Rf4 bxc3 37. bxc3 Rxc3 38. Rxc3
Rxc3 39. Rxg4 e3 40. Rxg6+ Kh7 41. Kf1 Bf3 42. Nxf3 Kxg6 43. Ke2 Kf5 44. d5
Kf4 45. Nd4 Ke4 46. d6 Rd3 47. Nb5 Rd2+ 48. Ke1 Kf3 49. Nc3 Rxd6 {White
resigns} 0-1

[Event "ICC tourney 2040 (30 10)"]
[Site "Internet Chess Club"]
[Date "2020.10.04"]
[Round "3"]
[White "aquilesboy"]
[Black "prkukuku"]
[Result "1-0"]
[ICCResult "Black checkmated"]
[WhiteElo "1900"]
[BlackElo "1252"]
[Opening "English opening"]
[ECO "A05"]
[NIC "QP.11"]
[Time "15:01:25"]
[TimeControl "1800+10"]

1. Nf3 Nf6 2. c4 Nc6 3. d4 d6 4. g3 d5 5. Bg2 dxc4 6. Qa4 e6 7. O-O Bd7 8.
Qxc4 Bd6 9. Nc3 Qe7 10. e4 e5 11. d5 Nd4 12. Nxd4 exd4 13. Qxd4 Be5 14. Qd3
h5 15. Bg5 O-O-O 16. Kh1 Rde8 17. f4 Bxc3 18. bxc3 a6 19. e5 Bg4 20. Rfe1
Ne4 21. Qxe4 f6 22. exf6 Qxe4 23. Rxe4 g6 24. Rae1 Rxe4 25. Rxe4 Bf5 26. f7
Bxe4 27. Bxe4 Kd7 28. Bxg6 c6 29. dxc6+ bxc6 30. Bh6 Ke7 31. f8=Q+ Rxf8 32.
Bxf8+ Kxf8 33. Bxh5 Ke7 34. Kg2 c5 35. Kf3 Kd6 36. Ke4 a5 37. Bf7 Ke7 38.
Bb3 Kf6 39. g4 Kg6 40. Kd5 Kh6 41. Kxc5 Kg6 42. Kd6 Kh6 43. Ke6 Kg6 44. h4
Kh6 45. Kf6 Kh7 46. Ke7 a4 47. Be6 a3 48. f5 Kg7 49. f6+ Kh7 50. f7 Kg6 51.
Bf5+ Kh6 52. f8=Q# {Black checkmated} 1-0

[Event "ICC tourney 2040 (30 10)"]
[Site "Internet Chess Club"]
[Date "2020.10.04"]
[Round "3"]
[White "Almanac2050"]
[Black "Mrpeetapizza"]
[Result "0-1"]
[ICCResult "White resigns"]
[WhiteElo "1752"]
[BlackElo "1880"]
[Opening "Sicilian"]
[ECO "B56"]
[NIC "SI.25"]
[Time "15:01:23"]
[TimeControl "1800+10"]

1. e4 c5 2. Nf3 d6 3. d4 cxd4 4. Nxd4 Nf6 5. Nc3 Nc6 6. f3 e6 7. Be3 Be7 8.
Qd2 a6 9. Bc4 O-O 10. Bb3 Nxd4 11. Bxd4 Nd7 12. Be3 Nc5 13. O-O-O b5 14. Bf4
Nxb3+ 15. axb3 e5 16. Be3 Be6 17. Nd5 Bxd5 18. Qxd5 Qc7 19. Kb1 Rfc8 20. Rd2
Rab8 21. g4 a5 22. g5 a4 23. b4 a3 24. bxa3 Qc3 25. Qb3 Ra8 26. Rd3 Qc6 27.
Kb2 Rc7 28. h4 Rac8 29. Rc1 Qd7 30. h5 Rc4 31. Rh1 Qc7 32. Rh2 Qc6 33. Rd5
Rc3 34. Qa2 Rxe3 35. g6 Qc3+ 36. Kb1 Re1+ {White resigns} 0-1

[Event "ICC tourney 2040 (30 10)"]
[Site "Internet Chess Club"]
[Date "2020.10.04"]
[Round "3"]
[White "Joshua1"]
[Black "wahoo"]
[Result "1-0"]
[ICCResult "Black checkmated"]
[WhiteElo "1857"]
[BlackElo "1746"]
[Opening "QGD: exchange, positional line"]
[ECO "D35"]
[NIC "QO.16"]
[Time "15:01:31"]
[TimeControl "1800+10"]

1. d4 d5 2. c4 e6 3. Nc3 Nf6 4. cxd5 exd5 5. Bg5 Be7 6. e3 h6 7. Bh4 a6 8.
Bd3 O-O 9. Nge2 Be6 10. O-O c5 11. Qd2 cxd4 12. Nxd4 Bg4 13. h3 Bh5 14. g4
Bg6 15. Bxg6 fxg6 16. Ne6 Qd6 17. Nxf8 Kxf8 18. Bg3 Qd7 19. Rfd1 Nc6 20. Qd3
Kf7 21. Nxd5 Rd8 22. Nf4 Qc8 23. Qxg6+ Kg8 24. Rxd8+ Bxd8 25. Nh5 Qd7 26.
Nxf6+ Bxf6 27. Qc2 Qe6 28. Qf5 Qe7 29. Rd1 Bxb2 30. Rd7 Qb4 31. Qf7+ Kh7 32.
Rxb7 Qc3 33. Rc7 Qc5 34. Qe6 Qc3 35. Qf5+ Kg8 36. Rc8+ Nd8 37. Rxd8#
{Black checkmated}
1-0

[Event "ICC tourney 2040 (30 10)"]
[Site "Internet Chess Club"]
[Date "2020.10.04"]
[Round "3"]
[White "TjkTiger"]
[Black "coolsportsguy"]
[Result "1-0"]
[ICCResult "Black resigns"]
[WhiteElo "2603"]
[BlackElo "2317"]
[Opening "English: Caro-Kann defensive system"]
[ECO "A11"]
[NIC "EO.64"]
[Time "15:02:16"]
[TimeControl "1800+10"]

1. c4 c6 2. Nc3 d5 3. d4 Nf6 4. cxd5 cxd5 5. Bf4 Nc6 6. e3 a6 7. Be2 Bf5 8.
Nf3 e6 9. Qb3 Bb4 10. Ne5 Bxc3+ 11. bxc3 Nxe5 12. Bxe5 O-O 13. Qxb7 Ne4 14.
Qb4 f6 15. Bf4 g5 16. Bg3 Bg6 17. Rc1 h5 18. f3 Nxg3 19. hxg3 a5 20. Qa3 Rf7
21. c4 dxc4 22. Bxc4 Re7 23. Kf2 Kg7 24. Rhd1 Raa7 25. d5 exd5 26. Rxd5 Qb8
27. Rxa5 h4 28. gxh4 gxh4 29. f4 Rad7 30. Qc3 Qd8 31. Rg5 Rd2+ 32. Kg1 Red7
33. f5 Rd1+ 34. Bf1 Rxc1 35. Rxg6+ Kh7 36. Qxc1 Rd1 37. Qc4 {Black resigns}
1-0

[Event "ICC tourney 2040 (30 10)"]
[Site "Internet Chess Club"]
[Date "2020.10.04"]
[Round "3"]
[White "Chessking2008"]
[Black "Chesssaga"]
[Result "1-0"]
[ICCResult "Black checkmated"]
[WhiteElo "2179"]
[BlackElo "1947"]
[Opening "English: Bremen, Smyslov system"]
[ECO "A22"]
[NIC "EO.10"]
[Time "15:01:35"]
[TimeControl "1800+10"]

1. c4 Nf6 2. Nc3 e5 3. g3 Bb4 4. Bg2 Nc6 5. e3 O-O 6. Nge2 d6 7. O-O Be6 8.
Nd5 Bxd5 9. cxd5 Ne7 10. e4 Bc5 11. d4 exd4 12. Nxd4 Ng6 13. Nc2 Re8 14. b4
Bb6 15. Re1 Qd7 16. Bb2 Ne5 17. Nd4 Rad8 18. Rc1 c6 19. dxc6 bxc6 20. f4 Ng6
21. Kh1 Ne7 22. Qf3 d5 23. exd5 cxd5 24. Bf1 Nf5 25. Rxe8+ Rxe8 26. Bb5 Nxd4
27. Bxd7 Nxf3 28. Bxe8 Nxe8 29. Rd1 Be3 30. Rxd5 Kf8 31. Rd3 Bd2 32. Rxf3
Bxb4 33. Ba3 Bd6 34. Re3 Bxa3 35. Rxa3 Nd6 36. Rxa7 Nb5 37. Ra5 Nc3 38. a4
Ke7 39. Ra7+ Ke6 40. a5 Nb5 41. Rb7 Nd4 42. a6 Nc6 43. a7 Nxa7 44. Rxa7 Kf5
45. Rxf7+ Kg4 46. Rxg7+ Kh3 47. Rxh7+ Kg4 48. Rg7+ Kh3 49. g4 Kh4 50. f5 Kh3
51. f6 Kh4 52. f7 Kh3 53. f8=Q Kh4 54. Qh8# {Black checkmated} 1-0

[Event "ICC tourney 2040 (30 10)"]
[Site "Internet Chess Club"]
[Date "2020.10.04"]
[Round "3"]
[White "tcao"]
[Black "Natey"]
[Result "1-0"]
[ICCResult "Black checkmated"]
[WhiteElo "2063"]
[BlackElo "1687"]
[Opening "Van't Kruijs opening"]
[ECO "A00"]
[Time "15:01:26"]
[TimeControl "1800+10"]

1. e3 e5 2. d4 exd4 3. exd4 Nf6 4. Nf3 d5 5. Bd3 g6 6. O-O Be7 7. Bh6 Ng4 8.
Qd2 Nc6 9. Nc3 Be6 10. Bf4 O-O 11. h3 Nf6 12. Bh6 Re8 13. Rfe1 Bf8 14. Bg5
Bg7 15. Bb5 a6 16. Bxc6 bxc6 17. Na4 Qd6 18. Nc5 Bf5 19. Bf4 Qd8 20. Rxe8+
Nxe8 21. Ne5 Nd6 22. Nxc6 Qe8 23. Nb4 Ne4 24. Nxe4 Qxe4 25. c3 a5 26. Re1
axb4 27. Rxe4 Bxe4 28. cxb4 Rxa2 29. Bxc7 Ra7 30. Bb6 Rb7 31. Bc5 Bf5 32.
Qe3 Rb8 33. b5 Bd7 34. b6 Bc6 35. Qe7 h5 36. Qc7 Re8 37. Qxc6 Rd8 38. b7 Bf6
39. Qxf6 Rb8 40. Qc6 Kh7 41. Qc7 Re8 42. Qxf7+ Kh6 43. Qxe8 Kg5 44. b8=Q Kf6
45. Qbe5# {Black checkmated} 1-0

[Event "ICC tourney 2040 (30 10)"]
[Site "Internet Chess Club"]
[Date "2020.10.04"]
[Round "3"]
[White "che2468"]
[Black "Danifrani"]
[Result "1-0"]
[ICCResult "Black resigns"]
[WhiteElo "1419"]
[BlackElo "2044"]
[Opening "Pirc: classical (two knights) system"]
[ECO "B08"]
[NIC "PU.10"]
[Time "15:01:56"]
[TimeControl "1800+10"]

1. d4 Nf6 2. Nc3 g6 3. e4 d6 4. Nf3 Bg7 5. Bg5 h6 6. Bf4 Bg4 7. Bd3 c5 8.
dxc5 dxc5 9. Qd2 Bxf3 10. gxf3 Nc6 11. O-O-O e5 12. Be3 Qa5 13. Bc4 Nd4 14.
f4 Rd8 15. fxe5 Nb3+ 16. cxb3 Rxd2 17. Rxd2 Ng4 18. Bb5+ Kf8 19. Bxc5+ Kg8
20. b4 Qc7 21. f4 a6 22. Rd7 Qc8 23. Nd5 Kh7 24. Ba4 b5 25. Rxf7 bxa4 26. h3
Rf8 27. Rc7 Qd8 28. hxg4 Kh8 29. f5 gxf5 30. Bxf8 Qg5+ 31. Kb1 Bxf8 32. Nf6
{Black resigns}
1-0

[Event "ICC tourney 2040 (30 10)"]
[Site "Internet Chess Club"]
[Date "2020.10.04"]
[Round "3"]
[White "drberkley"]
[Black "GutsyEdge"]
[Result "0-1"]
[ICCResult "White forfeits on time"]
[WhiteElo "1904"]
[BlackElo "1981"]
[Opening "Sicilian: closed"]
[ECO "B23"]
[NIC "SI.44"]
[Time "15:01:23"]
[TimeControl "1800+10"]

1. e4 c5 2. Nc3 e6 3. f4 d5 4. Bb5+ Bd7 5. exd5 exd5 6. Qe2+ Be7 7. Nxd5 Nc6
8. Nxe7 Ngxe7 9. Nf3 O-O 10. O-O Bg4 11. c3 a6 12. Ba4 Re8 13. Qf2 b5 14.
Bc2 Bxf3 15. Qxf3 Qd6 16. d3 b4 17. Bd2 bxc3 18. bxc3 Rad8 19. Rad1 Nd5 20.
Rfe1 Nb6 21. Qf2 Nd5 22. Bb3 h6 23. Qf3 Nf6 24. Ba4 Rxe1+ 25. Bxe1 Nd4 26.
Qf1 Nf5 27. Bf2 Qxf4 28. Bc2 Ne3 29. Bxe3 Qxe3+ 30. Qf2 Ng4 31. Qxe3 Nxe3
32. Rd2 Nxc2 33. Rxc2 Rxd3 34. Kf2 Kf8 35. Ke2 Rd6 36. Rb2 Ke7 37. Rb7+ Ke6
38. Rc7 Rb6 39. Kf3 Rb2 40. Rc6+ Kd5 41. Rxa6 Rc2 42. a4 Rxc3+ 43. Kf2 Ra3
44. a5 c4 45. Ra8 c3 46. Ke2 Kc4 47. a6 Kb3 48. Kd3 Kb2 49. a7 c2+ 50. Ke2
c1=Q 51. Rb8+ Ka2 52. a8=Q Rxa8 53. Rxa8+ Kb3 54. Rb8+ Ka4 55. Rd8 Qc4+ 56.
Ke3 Qc5+ 57. Kf3 Qc6+ 58. Ke2 Qa6+ {White forfeits on time} 0-1

[Event "ICC tourney 2040 (30 10)"]
[Site "Internet Chess Club"]
[Date "2020.10.04"]
[Round "3"]
[White "SuperPuzzler"]
[Black "jy2020"]
[Result "0-1"]
[ICCResult "White resigns"]
[WhiteElo "1963"]
[BlackElo "2228"]
[Opening "Sicilian: Najdorf, Opocensky variation"]
[ECO "B92"]
[NIC "SI.11"]
[Time "15:01:21"]
[TimeControl "1800+10"]

1. e4 c5 2. Nf3 d6 3. d4 cxd4 4. Nxd4 Nf6 5. Nc3 a6 6. Be2 e5 7. Nb3 Be7 8.
O-O O-O 9. Kh1 Nbd7 10. f4 b5 11. a3 Bb7 12. Bf3 Rc8 13. Qe2 Qc7 14. Be3 Nb6
15. Nd2 Rfd8 16. Rad1 Re8 17. Qf2 Nc4 18. Nxc4 Qxc4 19. Bd2 Bd8 20. Be2 Qc7
21. Bd3 Bc6 22. Rde1 Qb7 23. Qf3 a5 24. fxe5 dxe5 25. Na2 Bd7 26. Nc3 Bc6
27. Na2 Qd7 28. h3 Qe6 29. Nc3 Qd7 30. Nd1 Bb6 31. Bg5 Re6 32. Ne3 h6 33.
Bh4 Bxe3 34. Rxe3 Ne8 35. Qe2 Nd6 36. Be1 Qc7 37. Bc3 Rce8 38. Qe1 Ra8 39.
Qe2 Qb7 40. Qe1 Qb6 41. Re2 Bb7 42. Re3 Bc6 43. Re2 Re7 44. Re3 Nb7 45. Qg3
Rae8 46. Re2 Bd7 47. Bd2 Qg6 48. Qxg6 fxg6 49. Bc3 Bc6 50. Kh2 Rd7 51. Re3
Ra8 52. Bxe5 Nc5 53. Bc3 Na4 54. e5 Nxc3 55. bxc3 g5 56. Rb1 Rb8 57. Bxb5
Rxb5 58. Rbe1 Re7 59. e6 Rb2 60. a4 Rxc2 61. R1e2 Rxe2 62. Rxe2 Kf8 63. Re5
Ra7 64. Rf5+ Ke8 65. c4 Bxa4 66. c5 Bc6 67. Rf2 a4 68. Ra2 a3 69. Kg3 Bd5
70. Ra1 a2 71. c6 Bxc6 72. Kf2 Bd5 73. Ke3 Rb7 74. Kd4 Bxe6 75. Re1 Kf7 76.
Rg1 Rb1 {White resigns} 0-1

[Event "ICC tourney 2040 (30 10)"]
[Site "Internet Chess Club"]
[Date "2020.10.04"]
[Round "3"]
[White "speedyplot"]
[Black "icyblizzard"]
[Result "1-0"]
[ICCResult "Black resigns"]
[WhiteElo "1818"]
[BlackElo "2032"]
[Opening "Sicilian: Nimzovich-Rossolimo attack (without ...d6)"]
[ECO "B30"]
[NIC "SI.31"]
[Time "15:01:37"]
[TimeControl "1800+10"]

1. e4 c5 2. Nf3 Nc6 3. Bb5 e6 4. Bxc6 bxc6 5. O-O Ne7 6. d3 Ng6 7. Re1 d6 8.
Nbd2 Be7 9. Nf1 O-O 10. Be3 Qc7 11. c3 Rb8 12. Qc2 d5 13. Ng3 Bd6 14. d4
cxd4 15. cxd4 Qb6 16. e5 Be7 17. Rab1 a5 18. Rec1 Bd7 19. Nd2 f6 20. exf6
Bxf6 21. Nb3 Qc7 22. Nc5 Rbc8 23. b4 axb4 24. Rxb4 Rf7 25. Rb7 Qd6 26. Qa4
e5 27. dxe5 Bxe5 28. Nxd7 Rxd7 29. Qg4 Nf8 30. Nf5 Qf6 31. Bg5 Qe6 32. Rxd7
Qxd7 33. Ne7+ Kf7 34. Qxd7 Nxd7 35. Nxc8 c5 36. a4 h6 37. Bd2 c4 38. a5 Nc5
39. Re1 Bb8 40. Re7+ Kf6 41. Bc3+ Kf5 42. Bd4 Nb3 43. Rb7 Nxd4 44. Rxb8 c3
45. Nb6 c2 46. Rc8 Ne2+ 47. Kf1 c1=Q+ 48. Rxc1 Nxc1 49. a6 d4 50. a7 d3 51.
Nc4 {Black resigns} 1-0